 Dungeon Crawl Stone Soup version 0.29.1-2-gbd0b4ee654 (webtiles) character file.

Game seed: 2265307751528323769

10318 sizableburger the Basher (level 11, 0/80 HPs)
             Began as a Mummy Hedge Wizard on Nov 3, 2022.
             Was a Priest of Dithmenos.
             Slain by an eight-headed hydra (13 damage)
             ... on level 1 of the Lair of Beasts.
             The game lasted 00:32:14 (16618 turns).

sizableburger the Basher (Mummy Hedge Wizard)      Turns: 16618, Time: 00:32:15

Health: 0/80       AC: 11    Str: 21    XL:     11   Next: 34%
Magic:  11/20      EV: 13    Int: 15    God:    Dithmenos [***...]
Gold:   730        SH:  0    Dex: 13    Spells: 11/22 levels left

rFire   x . .      SeeInvis .   A - +2 dire flail (chaos)
rCold   + . .      Faith    .   (shield currently unavailable)
rNeg    + + +      Spirit   .   a - +0 troll leather armour
rPois   ∞          Reflect  .   c - +1 hat
rElec   .          Harm     .   x - +1 cloak
rCorr   .          Rampage  .   (no gloves)
Will    +....                   (no boots)
Stlth   ++........              (no amulet)
HPRegen 1.03/turn               h - +4 ring of protection
MPRegen 0.17/turn               u - +6 ring of strength

@: on blink cooldown, wreathed by umbra
A: cold resistance 1, negative energy resistance 3, torment resistance 2, heat
vulnerability 1, in touch with death 1, no potions
a: Renounce Religion, Shadow Step


You were on level 1 of the Lair of Beasts.
You worshipped Dithmenos.
Dithmenos was most pleased with you.
You visited 2 branches of the dungeon, and saw 12 of its levels.
You also visited: Sewer.

You collected 755 gold pieces.
You spent 25 gold pieces at shops.

Inventory:

Hand Weapons
 A - a +2 dire flail of chaos (weapon)
Missiles
 j - 3 curare-tipped darts
 p - a throwing net
Armour
 a - a +0 troll leather armour (worn)
 b - a +0 robe
 c - a +1 hat (worn)
 w - a +0 ring mail
 x - a +1 cloak (worn)
Jewellery
 d - a ring of willpower
 h - a +4 ring of protection (left hand)
 l - a ring of see invisible
 m - a ring of magical power
 n - an amulet of guardian spirit
 u - a +6 ring of strength (right hand)
Wands
 s - a wand of paralysis (8)
 y - a wand of mindburst (1)
 z - a wand of digging (3)
Scrolls
 e - a scroll of fear
 g - 3 scrolls of amnesia
 i - 5 scrolls of fog
 k - 2 scrolls of poison
 o - a scroll of immolation
 q - 5 scrolls of teleportation
 r - 2 scrolls of vulnerability
 t - a scroll of silence
 v - 2 scrolls of torment
 B - a scroll of blinking


   Skills:
 + Level 5.5 Fighting
 - Level 1.3 Short Blades
 + Level 8.2 Maces & Flails
 - Level 4.5 Dodging
 - Level 1.6 Stealth
 - Level 6.0 Spellcasting
 - Level 4.1 Conjurations
 + Level 6.4 Summonings
 - Level 1.6 Translocations
 - Level 4.3 Air Magic
 - Level 4.3 Poison Magic


You had 11 spell levels left.
You knew the following spells:

 Your Spells              Type           Power      Damage    Failure   Level
a - Magic Dart            Conj           68%        1d6       3%          1
b - Call Imp              Summ           23%        N/A       1%          2
c - Mephitic Cloud        Conj/Pois/Air  17%        N/A       9%          3
d - Call Canine Familiar  Summ           23%        N/A       3%          3
e - Blink                 Tloc           18%        N/A       13%         2

Your spell library contained the following spells:

 Spells                   Type           Power      Damage    Failure   Level
 Summon Small Mammal      Summ           92%        N/A       1%          1
 Summon Guardian Golem    Hex/Summ       14%        N/A       14%         3
 Slow                     Hex            16%        N/A       17%         1
 Conjure Flame            Conj/Fire      10%        6-21      22%         3
 Ignite Poison            Fire/Tmut/Pois 8%         N/A       28%         3
 Confusing Touch          Hex            4%         N/A       45%         3
 Vampiric Draining        Necr           6%         2d6       45%         3
 Freezing Cloud           Conj/Ice/Air   6%         6-21      82%         5
 Yara's Violent Unravell  Hex/Tmut       2%         3d3       99%         5
 Enfeeble                 Hex            2%         N/A       100%        7


Dungeon Overview and Level Annotations

Branches:
Dungeon (11/15)            Temple (0/1) D:6            Lair (1/5) D:10
    Orc (0/2) D:10          Sewer (visited)

Altars:
Dithmenos
Sif Muna
Trog
Uskayaw

Shops:
D:9 *   D:10 :


Innate Abilities, Weirdness & Mutations

You are immune to poison.
Your flesh is cold resistant. (rC+)
You are immune to negative energy. (rN+++)
You are immune to unholy pain and torment.
You are vulnerable to heat. (rF-)
You are in touch with the powers of death.
You do not drink.


Message History

Casting: Blink (safe; 13% risk of failure)
Confirm with . or Enter, or press ? or * to list all spells.
Aiming: Magic Dart (safe; 3% risk of failure)
Press: ? - help, Shift-Dir - straight line, f/p - eight-headed hydra
Aim: an eight-headed hydra (severely wounded, ally target, 100% to hit)
The magic dart hits the eight-headed hydra.
The eight-headed hydra is severely wounded.
Your hound bites the eight-headed hydra.
Unknown command.
Casting: Magic Dart (safe; 3% risk of failure)
Confirm with . or Enter, or press ? or * to list all spells.
Aiming: Magic Dart (safe; 3% risk of failure)
Press: ? - help, Shift-Dir - straight line, f/p - eight-headed hydra
Aim: an eight-headed hydra (severely wounded, ally target, umbra, 100% to hit)
The magic dart hits the eight-headed hydra.
The eight-headed hydra is severely wounded.
Your hound bites the eight-headed hydra.
Unknown command.
Casting: Magic Dart (safe; 3% risk of failure)
Confirm with . or Enter, or press ? or * to list all spells.
Aiming: Magic Dart (safe; 3% risk of failure)
Press: ? - help, Shift-Dir - straight line, f/p - eight-headed hydra
Aim: an eight-headed hydra (severely wounded, ally target, umbra, 100% to hit)
The magic dart hits the eight-headed hydra.
The eight-headed hydra is almost dead.
Unknown command.
Casting: Magic Dart (safe; 3% risk of failure)
Confirm with . or Enter, or press ? or * to list all spells.
You are still too unstable to blink.
Casting: Blink (safe; 13% risk of failure)
Confirm with . or Enter, or press ? or * to list all spells.
Okay, then.
The eight-headed hydra attacks as you move away!
The eight-headed hydra bites you!
* * * LOW HITPOINT WARNING * * *
The eight-headed hydra bites you!
You die...

.### ##. ##D# #..#..# >..# #.
#.# ##.#.## #.## #.# #.# #.#.#
..P# #..###D######...# ..##
[.#...D.##.#.# ### ###
#.##.##.##.#.# #P# #
#.#####..#...#######.. #
#...###.##............ # ####
#....@D5.....#PP..#### #
##.P####.#####.h###.###.## #
## #..............## #.# #.# #
P# ##.####..####### #.# #.## #
#####...####..#..### ##.###..#
#
###.#..#...#.......###...##.##
#
..............###...........#
#
######.##.##..#########.#####
# #P.##~♣~..##.######.# ##


You could see an eight-headed hydra (ally target), a friendly hound (summoned)
and a friendly crimson imp (summoned).

Vanquished Creatures
  A two-headed ogre (D:8)
  A fire crab (shapeshifter) (Lair:1)
  An ugly thing (D:9)
  2 black mambas (Lair:1)
  A komodo dragon (shapeshifter) (Lair:1)
  2 cane toads (Lair:1)
  Prince Ribbit (D:5)
  A hornet (D:9)
  3 blink frogs (Lair:1)
  A wraith (D:9)
  A vampire (D:10)
  7 yaks
  3 water moccasins
  2 black bears
  3 orc warriors
  A sky beast (D:7)
  Pargi (Sewer)
  An ogre (D:5)
  4 centaurs
  A phantom (D:7)
  A kobold brigand (D:8)
  A necrophage (D:6)
  5 bullfrogs
  A scorpion (D:7)
  12 wights
  5 killer bees (D:10)
  5 howler monkeys
  3 orc priests
  A gnoll bouda (D:7)
  2 hounds
  4 iguanas
  3 orc wizards
  13 gnolls
  5 adders
  A shadow imp (D:6)
  2 white imps
  2 ufetubi
  6 dart slugs
  32 orcs
  6 endoplasms
  3 giant cockroaches
  2 goblins (D:1)
  2 hobgoblins
  9 jackals
  13 kobolds
  7 quokkas
  8 ball pythons
  3 bats
  10 frilled lizards
  8 rats
213 creatures vanquished.

Vanquished Creatures (collateral kills)
  A hydra (Lair:1)
  A cane toad (Lair:1)
  A troll (D:9)
  Grinder (D:3)
  A steam dragon (D:9)
  2 worms
  An endoplasm (D:2)
  A hobgoblin (D:3)
9 creatures vanquished.

Vanquished Creatures (others)
  8 fungi (Lair:1)
  4 plants (Lair:1)
12 creatures vanquished.

Grand Total: 234 creatures vanquished

Notes
Turn   | Place    | Note
-------+----------+-------------------------------------------
     0 | D:1      | sizableburger the Mummy Hedge Wizard began the quest for
                  | the Orb.
     0 | D:1      | Reached XP level 1. HP: 13/13 MP: 5/5
    79 | D:1      | Reached skill level 1 in Translocations
   385 | D:1      | Reached skill level 1 in Conjurations
   385 | D:1      | Reached skill level 1 in Summonings
   462 | D:1      | Reached XP level 2. HP: 10/19 MP: 0/7
   471 | D:1      | Learned a level 2 spell: Call Imp
  1401 | D:2      | Reached skill level 1 in Fighting
  1401 | D:2      | Gained mutation: You are in touch with the powers of death.
                  | [Mummy growth]
  1401 | D:2      | Reached XP level 3. HP: 26/26 MP: 8/8
  1594 | D:2      | Reached skill level 1 in Short Blades
  2859 | D:2      | Reached XP level 4. HP: 26/32 MP: 8/10
  3371 | D:3      | Noticed a shining eye
  3375 | D:3      | Noticed a shining eye
  3379 | D:3      | Found a faded altar of an unknown god.
  3530 | D:3      | Noticed a shining eye
  3530 | D:3      | Noticed a floating eye
  4178 | D:3      | Noticed Grinder
  4190 | D:3      | Paralysed by Grinder for 3 turns
  4194 | D:3      | Killed Grinder
  4195 | D:3      | Reached skill level 1 in Maces & Flails
  4195 | D:3      | Reached XP level 5. HP: 35/39 MP: 7/11
  4195 | D:3      | Reached XP level 6. HP: 41/46 MP: 7/12
  4718 | D:4      | Found a glowing drain.
  4725 | Sewer    | Entered a sewer
  4781 | Sewer    | Learned a level 3 spell: Mephitic Cloud
  4950 | Sewer    | Noticed Pargi
  4994 | Sewer    | Killed Pargi
  4995 | Sewer    | Reached skill level 2 in Maces & Flails
  5607 | D:5      | Entered Level 5 of the Dungeon
  5607 | D:5      | Found a shadowy altar of Dithmenos.
  5608 | D:5      | Found a shimmering blue altar of Sif Muna.
  5610 | D:5      | Became a worshipper of Dithmenos the Shadowed
  5643 | D:5      | Noticed Prince Ribbit
  5656 | D:5      | Killed Prince Ribbit
  5657 | D:5      | Reached skill level 3 in Maces & Flails
  5657 | D:5      | Reached skill level 1 in Air Magic
  5657 | D:5      | Reached skill level 1 in Poison Magic
  5657 | D:5      | Reached XP level 7. HP: 43/52 MP: 10/13
  7463 | D:6      | Reached skill level 4 in Maces & Flails
  7463 | D:6      | Reached XP level 8. HP: 51/58 MP: 10/14
  7532 | D:6      | Reached * piety under Dithmenos
  7773 | D:6      | Found a staircase to the Ecumenical Temple.
  7934 | D:6      | Found a bloodstained altar of Trog.
  8754 | D:7      | Noticed a +0 falchion
  8755 | D:7      | Noticed a +0 dagger
  8755 | D:7      | Noticed a +0 spear
  8756 | D:7      | Noticed a +0 short sword
  8756 | D:7      | Noticed a +0 falchion
  8756 | D:7      | Noticed a +0 dagger
  8758 | D:7      | Noticed a +0 short sword
  8758 | D:7      | Noticed a +0 spear
  9302 | D:7      | Reached skill level 5 in Maces & Flails
  9399 | D:7      | Found a large runed translucent door.
  9459 | D:7      | Reached XP level 9. HP: 52/63 MP: 13/15
  9769 | D:7      | Found a large runed translucent door.
  9887 | D:7      | Found a hide-covered altar of Uskayaw.
 10143 | D:7      | Learned a level 3 spell: Call Canine Familiar
 10633 | D:7      | Reached ** piety under Dithmenos
 11607 | D:7      | Reached skill level 5 in Spellcasting
 12242 | D:8      | Noticed a two-headed ogre
 12281 | D:8      | Killed a two-headed ogre
 12282 | D:8      | Reached skill level 6 in Maces & Flails
 12573 | D:8      | Identified the +5 long sword of Dithmenos's Favour {vamp,
                  | Contam rElec rF+++ Int-4}
 12894 | D:9      | Noticed a green ugly thing
 13069 | D:9      | Reached XP level 10. HP: 62/70 MP: 8/17
 13160 | D:10     | Entered Level 10 of the Dungeon
 13847 | D:9      | Killed a green ugly thing
 13963 | D:9      | Found Epreuhag's Assorted Antiques.
 13968 | D:9      | Bought a scroll labelled MERHYU TIGIFOXTI for 25 gold
                  | pieces
 14513 | D:10     | Learned a level 2 spell: Blink
 14525 | D:10     | Found a staircase to the Lair.
 14650 | D:10     | Reached skill level 7 in Maces & Flails
 14650 | D:10     | Reached skill level 5 in Summonings
 14684 | D:10     | Found a staircase to the Orcish Mines.
 14861 | D:10     | Identified the +5 ring mail "Ulis" {rPois Regen+ Dex-5}
 14913 | D:10     | Found Oleamus's Book Shoppe.
 15197 | D:11     | Noticed a five-headed hydra
 15261 | Lair:1   | Entered Level 1 of the Lair of Beasts
 15432 | Lair:1   | Noticed a black mamba
 15441 | Lair:1   | Killed a black mamba
 15521 | Lair:1   | Noticed a cane toad
 15529 | Lair:1   | Killed a cane toad
 15634 | Lair:1   | Reached XP level 11. HP: 78/78 MP: 20/20
 15825 | Lair:1   | Identified the +0 robe "Uleodearis" {rF+ Int+6}
 15912 | Lair:1   | Reached *** piety under Dithmenos
 15996 | Lair:1   | Noticed a six-headed hydra
 16014 | Lair:1   | Killed a six-headed hydra
 16015 | Lair:1   | Reached skill level 5 in Fighting
 16015 | Lair:1   | Reached skill level 8 in Maces & Flails
 16109 | Lair:1   | Noticed an eight-headed hydra
 16200 | Lair:1   | Noticed a fire crab
 16200 | Lair:1   | a spriggan changed into a fire crab
 16327 | Lair:1   | Killed a fire crab
 16618 | Lair:1   | Slain by an eight-headed hydra

Illustrated notes

Levels and vault maps discovered:
D:1:      amcnicky_arrival_double_pillar, layout_rooms
D:2:      minmay_chambers_of_twos, layout_basic, patterned_corridor
D:3:      layout_loops_corners, hellmonk_ecumenical_altar_watching_god,
          uniq_grinder
D:4:      layout_cave_pools, gup_sewer_entry_bubbles, minmay_strange_pillars,
          minmay_circle_x
D:5:      layout_loops_corners, chequers_temple_overflow_statue_of_worship,
          uniq_prince_ribbit1
D:6:      minmay_evil_eye, layout_loops_ring, trog_book,
          minmay_temple_entry_poolview
D:7:      layout_cave_pods, mainiacjoe_overflow_concentric_impassable,
          nicolae_uskayaw_en_pointe, jmf_multi_god_temple2,
          kennysheep_generic_room_3
D:8:      layout_loops_ring, lemuel_round_altar
D:9:      layout_cave_pods, serial_shops, nicolae_shop_hallway_plus,
          minmay_misc_feat_secret_circle
D:10:     layout_cave_pools, lair_entry_dummy, serial_shops,
          nicolae_shop_statue_plus, minmay_misc_feat_cross
D:11:     layout_basic, onia_ninara_cookie, uniq_sonja
Lair:1:   layout_loops_ring, chequers_serial_rivers_marsh

Skill      XL: |  1  2  3  4  5  6  7  8  9 10 11 |
---------------+----------------------------------+-----
Translocations | 1 |  1.6
Conjurations   | 1 2 4 |  4.1
Summonings     | 1 2 4 5 6 |  6.4
Fighting       | 1 2 3 4 5 |  5.5
Short Blades   | 1 |  1.3
Maces & Flails | 1 3 4 5 6 7 8 |  8.2
Air Magic      | 1 2 4 |  4.3
Poison Magic   | 1 2 4 |  4.3
Spellcasting   | 5 6 |  6.0
Dodging        | 3 4 |  4.5
Stealth        | |  1.6

Action                   |  1- 3 |  4- 6 |  7- 9 | 10-12 || total
-------------------------+-------+-------+-------+-------++-------
Melee: Dagger            |   191 |   222 |       |       ||   413
       Punch             |     2 |     5 |     5 |       ||    12
       Mace              |       |     4 |   408 |       ||   412
       Dire flail        |       |       |     5 |   237 ||   242
 Cast: Magic Dart        |    27 |     4 |    12 |     3 ||    46
       Call Imp          |     2 |    12 |    10 |     2 ||    26
       Mephitic Cloud    |       |     1 |    20 |     8 ||    29
       Call Canine Famil |       |       |     6 |    12 ||    18
       Blink             |       |       |       |     1 ||     1
Evoke: Wand              |       |       |       |    10 ||    10
  Use: Scroll            |       |    12 |     8 |     5 ||    25
 Stab: Sleeping          |     6 |     4 |     2 |       ||    12
       Confused          |       |     1 |    19 |     4 ||    24
       Petrified         |       |       |       |     4 ||     4
       Paralysed         |       |       |       |     4 ||     4
Armor: Robe              |    37 |    64 |    84 |       ||   185
       Ring mail         |       |       |    55 |     9 ||    64
       Troll leather arm |       |       |       |    65 ||    65
Dodge: Dodged            |   133 |   128 |   341 |   192 ||   794
